 Dungeon Crawl Stone Soup version 0.20.1-1-g8b1a95d (webtiles) character file.

1373 manon the Basher (level 8, -4/78 HPs)
             Began as a Gargoyle Chaos Knight on Oct 31, 2017.
             Slain by an orc warrior
             ... wielding a +0 trident
              (6 damage)
             ... on level 6 of the Dungeon.
             The game lasted 00:22:47 (5707 turns).

manon the Basher (Gargoyle Chaos Knight)            Turns: 5707, Time: 00:22:48

Health: -4/78      AC: 24    Str: 17      XL:     8   Next: 66%
Magic:  9/9        EV:  2    Int: 14      God:    Xom [.*....]
Gold:   260        SH:  4    Dex:  8 (9)  Spells: 7/7 levels left

rFire    . . .     SeeInvis +   G - +0 morningstar
rCold    + . .     Gourm    .   i - +0 buckler
rNeg     + + +     Faith    .   (armour currently unavailable)
rPois    ∞         Spirit   .   (helmet currently unavailable)
rElec    .         Reflect  .   (cloak currently unavailable)
rCorr    .         Harm     .   (gloves currently unavailable)
MR       .....     NoTele   +   (boots currently unavailable)
Stlth    +.........             (no amulet)
Regen    0.3/turn               D - ring of protection from cold
MPRegen  0.2/turn               L - ring of see invisible

@: tree-form
A: deterioration 1, negative energy resistance 1, petrification resistance, rot
immunity, AC +5
a: Renounce Religion


You were on level 6 of the Dungeon.
You worshipped Xom.
You were a plaything of Xom.
You were hungry.
You were a tree.
You visited 1 branch of the dungeon, and saw 6 of its levels.

You collected 260 gold pieces.

Inventory:

Hand Weapons
 a - a +0 flail
 b - a +0 hunting sling
 C - a +0 mace of chaos
 E - a cursed -2 whip
 G - a +0 morningstar (weapon)
Missiles
 f - 87 stones
 l - 99 arrows
 p - 23 bolts
 s - 2 tomahawks of dispersal
 u - 34 poisoned needles
 M - 3 tomahawks (quivered)
Armour
 g - a +2 leather armour
 i - a +0 buckler (worn)
 v - a cursed +0 leather armour
 A - a +0 scale mail of fire resistance (melded)
 F - a +0 cloak (melded)
Magical Staves
 q - an uncursed staff of conjuration {unknown}
Jewellery
 D - a ring of protection from cold (left branch)
 L - a ring of see invisible (right branch)
Wands
 B - a wand of lightning (0/15)
Scrolls
 d - 3 scrolls of identify
 h - 3 scrolls of amnesia
 j - a scroll of blinking
 t - a scroll of immolation {unknown}
 w - a scroll of fog
 y - 3 scrolls of remove curse
 z - 3 scrolls of teleportation
Potions
 n - a potion of curing
 x - a potion of agility
 I - a potion of brilliance {unknown}
 J - a potion of might {unknown}
 K - a potion of ambrosia {unknown}
 N - a potion of flight {unknown}
Comestibles
 c - 5 bread rations
 m - 3 royal jellies
 o - 5 meat rations
 r - 13 fruits


   Skills:
 + Level 6.8 Fighting
 * Level 8.2 Maces & Flails
 - Level 2.1 Armour
 - Level 0.7 Dodging
 + Level 3.5 Shields
 + Level 1.9 Evocations


You had 7 spell levels left.
You didn't know any spells.

Dungeon Overview and Level Annotations

Branches:
Dungeon (6/15)             Temple (0/1) D:5

Altars:
Dithmenos
Nemelex Xobeh
Okawaru
Sif Muna
Trog
Xom

Shops:
D:5 =


Innate Abilities, Weirdness & Mutations

You are resistant to torment.
((Your stone body is resilient. (AC +5)))
You are immune to poison.
You resist negative energy. (rN+)
((You are resistant to electric shocks. (rElec)))
((You can survive without breathing.))
You are immune to petrification.
You are immune to rotting.
Your body sometimes deteriorates upon taking damage.
((You are occasionally teleported next to monsters.))


Message History

The orc wizard is heavily wounded.
The orc wizard hits you but does no damage.
You barely miss the orc wizard.
The orc wizard is heavily wounded.
The orc wizard points at you and mumbles some strange words.
The magic dart hits you!
* * * LOW HITPOINT WARNING * * *
The orc warrior hits you but does no damage.
The orc wizard hits you but does no damage.
You cannot teleport because you are held in place by your roots.
As you read the scroll labeled FABOOM DOZXEL, it crumbles to dust.
The scroll dissolves into smoke.
It was a scroll of fog.
The orc warrior hits you from afar with a trident.
* * * LOW HITPOINT WARNING * * *
The orc wizard hits you but does no damage.
As you read the scroll labeled MOIWKEUROV, it crumbles to dust.
You feel aware of your surroundings.
It was a scroll of magic mapping.
The orc warrior hits you from afar with a trident.
You die...
Xom roars with laughter!

#.# #.# #.# ### #.#
##########..
#.###...........
##....)..........
#§§.#######...>..
####### ##§###
#.....#
##.....######♣##
##.....#
###......ohZ##o##
#.......
##...........#oo#
#....#..
#...........#..o#***
##....##.
.............#...#,*
#....####
..........Z####....#
#....# #
.........### *#...##
##....# ........##
**.....#* #....##
.......##
**,......#* #....#


You could see an orc warrior, an orc wizard (invisible) and an orc.

Vanquished Creatures
  Sigmund (D:5)
  A phantom (D:4)
  2 black bears (D:6)
  A centaur (D:6)
  3 ogres
  A bullfrog (D:6)
  A killer bee (D:6)
  2 howler monkeys
  2 jellies (D:6)
  2 iguanas
  3 orc wizards
  A worker ant (D:4)
  2 hound skeletons
  A howler monkey skeleton (D:5)
  7 adders
  A shadow imp (D:6)
  2 oozes
  5 dart slugs
  A worm (D:3)
  4 leopard geckos
  15 orcs
  8 giant cockroaches
  8 goblins
  4 hobgoblins
  10 jackals
  10 kobolds
  4 quokkas
  4 ball pythons
  6 bats
  3 frilled lizards
  A jackal zombie (D:6)
  A leopard gecko skeleton (D:4)
  2 quokka zombies
  8 rats
127 creatures vanquished.

Notes
Turn   | Place    | Note
-------+----------+-------------------------------------------
     0 | D:1      | manon the Gargoyle Chaos Knight began the quest for the Orb.
     0 | D:1      | Reached XP level 1. HP: 14/14 MP: 1/1
    22 | D:1      | XOM: harmless Necr miscast
   167 | D:1      | Reached XP level 2. HP: 18/19 MP: 2/2
   170 | D:1      | XOM: divination: detect items
   483 | D:1      | Reached XP level 3. HP: 24/24 MP: 3/3
  1124 | D:2      | XOM: silly message
  1321 | D:2      | XOM: medium Pois miscast
  1354 | D:2      | Reached skill level 4 in Maces & Flails
  1553 | D:3      | XOM: harmless Hex miscast
  1634 | D:3      | Reached XP level 4. HP: 29/29 MP: 4/4
  1638 | D:3      | Found an iron altar of Okawaru.
  1764 | D:3      | XOM: mild Tmut miscast
  2322 | D:3      | Reached XP level 5. HP: 33/34 MP: 5/5
  2608 | D:4      | Reached skill level 5 in Maces & Flails
  2664 | D:4      | Noticed an ogre
  2674 | D:4      | XOM: silly message
  2677 | D:4      | XOM: potion effect (might)
  2682 | D:4      | Killed an ogre
  2682 | D:4      | Reached skill level 5 in Fighting
  2682 | D:4      | Reached XP level 6. HP: 2/40 MP: 6/6
  3094 | D:4      | XOM: mild Ice miscast
  3111 | D:4      | Noticed a phantom
  3119 | D:4      | XOM: summons 2 friendly demons
  3153 | D:4      | Killed a phantom
  3153 | D:4      | Reached skill level 6 in Maces & Flails
  3387 | D:4      | Found a deep blue altar of Sif Muna.
  3430 | D:4      | XOM: divination: detect creatures
  3436 | D:4      | Reached XP level 7. HP: 36/44 MP: 7/7
  3465 | D:4      | XOM: cloud trail
  3880 | D:4      | Found a shimmering altar of Xom.
  3981 | D:5      | Entered Level 5 of the Dungeon
  3995 | D:5      | XOM: enchant monster (bad)
  4046 | D:5      | Found a sparkling altar of Nemelex Xobeh.
  4114 | D:5      | Found Puntea Ekoa's Jewellery Emporium.
  4185 | D:5      | Found a staircase to the Ecumenical Temple.
  4258 | D:5      | Reached skill level 7 in Maces & Flails
  4258 | D:5      | Reached skill level 1 in Shields
  4372 | D:5      | Noticed Sigmund
  4396 | D:5      | Killed Sigmund
  4603 | D:6      | Found a shadowy altar of Dithmenos.
  4639 | D:6      | Reached XP level 8. HP: 52/52 MP: 8/8
  4689 | D:6      | Found a bloodstained altar of Trog.
  4698 | D:6      | Reached skill level 1 in Evocations
  4706 | D:6      | XOM: harmless Summ miscast
  4801 | D:6      | XOM: smoke on damage
  4836 | D:6      | Reached skill level 8 in Maces & Flails
  5242 | D:6      | XOM: butterfly on damage
  5250 | D:6      | XOM: confuse monster(s)
  5263 | D:6      | XOM: mild Chrm miscast
  5422 | D:5      | XOM: give mutations
  5422 | D:5      | Gained mutation: You are occasionally teleported next to monsters. [Xom's mischief]
  5422 | D:5      | Gained mutation: Your body sometimes deteriorates upon taking damage. [Xom's mischief]
  5664 | D:6      | XOM: smoke on damage
  5681 | D:6      | XOM: medium Tloc miscast
  5688 | D:6      | XOM: confusion (+ monsters)
  5706 | D:6      | HP: 2/78 [orc warrior/trident (5)]
  5707 | D:6      | Slain by an orc warrior

Skill      XL: |  1  2  3  4  5  6  7  8 |
---------------+-------------------------+-----
Fighting       | 4 5 6 |  6.8
Maces & Flails | 4 5 6 7 8 |  8.2
Shields        | 2 3 |  3.5
Evocations     | 1 |  1.9
Armour         | |  2.1
Dodging        | |  0.7

Action                   |  1- 3 |  4- 6 |  7- 9 || total
-------------------------+-------+-------+-------++-------
Melee: Mace              |   103 |   171 |    40 ||   314
       Flail             |       |    12 |       ||    12
       Morningstar       |       |       |   138 ||   138
 Fire: Hunting sling     |    11 |    12 |       ||    23
Throw: Tomahawk          |       |    11 |    17 ||    28
       Stone             |       |    12 |    13 ||    25
Evoke: Wand              |       |       |     4 ||     4
  Use: Scroll            |     2 |     5 |     4 ||    11
       Potion            |       |     1 |     5 ||     6
 Stab: Confused          |     1 |       |       ||     1
  Eat: Chunk             |     2 |     6 |     6 ||    14
       Fruit             |       |       |     1 ||     1
Armor: Leather armour    |    47 |    20 |       ||    67
       Scale mail        |       |    82 |   119 ||   201
       Skin              |       |       |     6 ||     6
Dodge: Dodged            |    95 |    64 |    78 ||   237
Block: Buckler           |     6 |    23 |    26 ||    55
